 Dungeon Crawl Stone Soup version 0.24.0-13-gcf9b319 (webtiles) character file.

Game seed: 16872493116459950269, levelgen mode: deterministic

197 Fang the Skirmisher (level 5, -8/34 HPs)
             Began as a Gargoyle Fighter on Dec 19, 2019.
             Mangled by an ogre
             ... wielding a +0 giant club
              (9 damage)
             ... on level 3 of the Dungeon.
             The game lasted 00:02:32 (2504 turns).

Fang the Skirmisher (Gargoyle Fighter)              Turns: 2504, Time: 00:02:33

Health: -8/34      AC: 11    Str: 25    XL:     5   Next: 75%
Magic:  5/5        EV:  7    Int:  9    God:
Gold:   145        SH: 10    Dex:  9    Spells: 4/4 levels left

rFire    . . .     SeeInvis .   a - +0 war axe
rCold    . . .     Gourm    .   B - +0 shield
rNeg     + . .     Faith    .   b - +0 scale mail
rPois    ∞         Spirit   .   (no helmet)
rElec    +         Reflect  .   (no cloak)
rCorr    .         Harm     .   (no gloves)
MR       .....                  (no boots)
Stlth    ..........             (no amulet)
HPRegen  0.11/turn              (no ring)
MPRegen  0.09/turn              (no ring)

@: mighty
A: negative energy resistance 1, electricity resistance, unbreathing,
petrification resistance, rot immunity, AC +4
a: no special abilities


You were on level 3 of the Dungeon.
You were not hungry.

You visited 1 branch of the dungeon, and saw 4 of its levels.

You collected 145 gold pieces.

Inventory:

Hand Weapons
 a - a +0 war axe (weapon)
Armour
 b - a +0 scale mail (worn)
 B - a +0 shield (worn)
Scrolls
 g - a scroll of fog {unknown}
 h - 2 scrolls of identify {unknown}
 i - a scroll of enchant armour {unknown}
 j - a scroll of immolation {unknown}
 k - 2 scrolls of noise {unknown}
 l - 2 scrolls of remove curse {unknown}
 m - a scroll of blinking {unknown}
Potions
 e - 2 potions of degeneration {unknown}
 n - a potion of agility
 o - a potion of heal wounds {unknown}
Comestibles
 c - 6 rations
 f - 4 chunks of flesh


   Skills:
 + Level 4.4 Fighting
 + Level 3.0 Axes
 + Level 4.4 Armour
 + Level 4.4 Shields


You had 4 spell levels left.
You didn't know any spells.
Your spell library was empty.

Dungeon Overview and Level Annotations

Branches:
Dungeon (4/15)
 Temple: D:4-7

Altars:
Fedhas

Annotations:
D:3 Pikel


Innate Abilities, Weirdness & Mutations

You are resistant to torment.
Your stone body is resilient. (AC +4)
You are immune to poison.
You resist negative energy. (rN+)
You are resistant to electric shocks. (rElec)
You can survive without breathing.
You are immune to petrification.
You are immune to rotting.


Message History

The slave hits you but does no damage.
The leopard gecko bites you but does no damage.
You block the slave's attack. Pikel barely misses you. The slave hits you.
You climb upwards.
There is a stone staircase leading down here.
You feel very mighty all of a sudden.
The ogre hits you with a +0 giant club!!
Ouch! That really hurt!
* * * LOW HITPOINT WARNING * * *
The slave barely misses you.
The leopard gecko hisses menacingly.
The leopard gecko bites you.
* * * LOW HITPOINT WARNING * * *
You block the slave's attack. Pikel hits you but does no damage.
Your shield and scale mail prevent you from hitting the ogre.
You slash the leopard gecko!
You kill the leopard gecko!
You hit the slave. You closely miss the slave. You slice Pikel!!
The slave hits you but does no damage. The ogre hits you with a +0 giant club!
You die...

#.# #..........##.<.###.#
##.# #############.#.##..#
##..#########.## #.#.##.##
#..............# #.#.##.#
#...........#.## #.#.##.#
#...#######.#.#####.#.##.#
#...#######.....p...#.##.#
##)............pp†........#
÷.)#.####.##.#.K@O.....####
####.####.##.###########
........(.##.#
####.#######.# #.# #.# #.#
#.# #.# #.# #.#######.#
#.........#


You could see Pikel, an ogre and 3 slaves.

Vanquished Creatures
  A slave (D:3)
  A worker ant zombie (D:4)
  Robin (D:3)
  A gnoll (D:1)
  5 adders
  3 worms
  3 dart slugs
  5 leopard geckos
  5 orcs (D:3)
  2 ball pythons (D:2)
  3 bats (D:1)
  3 giant cockroaches
  23 goblins
  10 hobgoblins
  6 jackals
  4 frilled lizards
  10 kobolds
  7 rats
93 creatures vanquished.

Notes
Turn   | Place    | Note
-------+----------+-------------------------------------------
     0 | D:1      | Fang the Gargoyle Fighter began the quest for the Orb.
     0 | D:1      | Reached XP level 1. HP: 14/14 MP: 1/1
   109 | D:1      | Reached XP level 2. HP: 18/19 MP: 2/2
   152 | D:1      | Reached XP level 3. HP: 16/23 MP: 3/3
   858 | D:2      | Reached XP level 4. HP: 20/29 MP: 4/4
  1032 | D:2      | Found a blossoming altar of Fedhas.
  1558 | D:3      | Reached XP level 5. HP: 22/33 MP: 5/5
  1937 | D:3      | Noticed Robin
  1962 | D:3      | Killed Robin
  2325 | D:4      | Noticed a slave
  2325 | D:4      | Noticed a slave
  2328 | D:4      | Noticed Pikel
  2329 | D:4      | Noticed a slave
  2330 | D:4      | Noticed a slave
  2331 | D:4      | Noticed an ogre
  2363 | D:3      | Killed a slave
  2503 | D:3      | HP: 1/34 [leopard gecko (3)]
  2504 | D:3      | Mangled by an ogre

Levels and vault maps discovered:
D:1:      evilmike_arrival_fibonacci_small, layout_basic, feat_on_display
D:2:      minmay_general_purpose_star, layout_basic, fedhas_altar_2
D:3:      layout_loops_ring, uniq_robin
D:4:      layout_cave_pools, first_ration, minmay_misc_feat_secret_circle,
          kennysheep_generic_room_5, uniq_pikel, uniq_ijyb, uniq_duvessa

Skill      XL: |  1  2  3  4  5 |
---------------+----------------+-----
Axes           | 2 3 |  3.0
Armour         | 4 |  4.4
Fighting       | 4 |  4.4
Shields        | 4 |  4.4

Action                   |  1- 3 |  4- 6 || total
-------------------------+-------+-------++-------
Melee: War axe           |   104 |   208 ||   312
  Use: Potion            |       |     1 ||     1
  Eat: Chunk             |       |     6 ||     6
Armor: Scale mail        |    54 |   162 ||   216
Dodge: Dodged            |    37 |    87 ||   124
Block: Shield            |    53 |   134 ||   187
